 Dungeon Crawl Stone Soup version 0.31-a0-237-g2d982f9f85 (webtiles) character file.

Game seed: 1577464116830199104

15537 Shard1697 the Severer (level 12, 0/106 HPs)
             Began as a Meteoran Berserker on July 11, 2023.
             Was a High Priest of Trog.
             Slain by an ufetubus (4 damage)
             ... summoned by a ynoxinul
             ... in a Gauntlet.
             The game lasted 00:27:42 (6097 turns).

Shard1697 the Severer (Meteoran Berserker)          Turns: 6097, Time: 00:27:42

Health: 0/106      AC: -13   Str: 23    XL:     12   Next: 95%
Magic:  4/4        EV:  5    Int:  9    God:    Trog [*****.]
Gold:   672        SH:  0    Dex: 15    Spells: 11/11 levels left

rFire   . . .        a - +8 executioner's axe (antimagic)
rCold   . . .        (shield currently unavailable)
rNeg    . . .        m - +0 plate armour
rPois   .            E - +0 helmet
rElec   .            (no cloak)
rCorr   .            (no gloves)
SInv    .            r - +1 pair of boots
Will    +....        n - amulet of reflection Stlth
                     (no ring)
HPRegen 0.37/turn    (no ring)
MPRegen 0.09/turn

%: no teleportation, reflection
@: corroded, on berserk cooldown, held, slowed, glowing, very slow
A: sense surroundings 2, otherworldly, glowing, explore regen
a: Renounce Religion, Berserk, Trog's Hand, Brothers in Arms


You were in a Gauntlet.
You worshipped Trog.
Trog was extremely pleased with you.
You visited 1 branch of the dungeon, and saw 12 of its levels.
You also visited: Bailey and Gauntlet.

You collected 951 gold pieces.
You spent 279 gold pieces at shops.

Inventory:

Hand Weapons
 a - a +8 antimagic executioner's axe (weapon)
 b - a +3 dire flail
 h - a +0 flail of protection
 t - a +0 broad axe
Armour
 c - a +1 kite shield of protection
 l - a +1 leather armour of fire resistance
 m - a +0 plate armour (worn)
 r - a +1 pair of boots (worn)
 E - a +0 helmet (worn)
 F - the -1 pair of boots of Mirth {Will+}
   (You found it in a Gauntlet)

   Will:      It increases your willpower.
Jewellery
 n - an amulet of reflection (around neck)
Wands
 o - a wand of flame (3)
 s - a wand of acid (7)
 u - a wand of polymorph (5)
 y - a wand of charming (8)
Scrolls
 j - 7 scrolls of fog
 k - 7 scrolls of poison
 v - 6 scrolls of teleportation
 z - 3 scrolls of identify
 B - a scroll of revelation
 C - a scroll of silence {unknown}
Potions
 d - 2 potions of might
 e - 7 potions of curing
 f - a potion of mutation
 g - 3 potions of attraction
 i - 8 potions of enlightenment
 p - a potion of berserk rage
 w - a potion of ambrosia
 x - a potion of cancellation
 A - a potion of resistance
 D - a potion of haste {unknown}
Miscellaneous
 q - a sack of spiders


   Skills:
 - Level 10.2 Fighting
 * Level 17.6 Axes
 - Level 10.1 Armour
 * Level 5.4 Dodging
 + Level 3.1 Evocations


You had 11 spell levels left.
You didn't know any spells.
Your spell library was empty.

Dungeon Overview and Level Annotations

Branches:
Dungeon (12/15) Zot: 1444  Temple (0/1) D:7            Lair (0/5) D:9
 Bailey (visited)         Gauntlet (1/1) Zot: 513
    Orc: D:9-12

Altars:
Ashenzari
Elyvilon
Fedhas
Gozag
Hepliaklqana
Kikubaaqudgha
Makhleb
Qazlal
Sif Muna
Trog
Uskayaw
Vehumet
Xom
Zin
The Shining One

Shops:
D:2 (   D:3 =:(*   D:10 (::?

Annotations:
Gauntlet 4 transporters


Innate Abilities, Weirdness & Mutations

You passively map the area around you.
You are easily found by Zot.
You glow in the dark.
You regain HP and MP as you explore.


Message History

The ufetubus disappears in a puff of smoke!
The ufetubus fails to trigger a net trap.
You hit the ufetubus but do no damage. The ufetubus hits you.
The ufetubus barely misses you.
You completely miss the ufetubus.
You closely miss the ufetubus. x2; The ufetubus drops a net on you.
You become entangled in the net!
The ufetubus hits you. The ufetubus barely misses you. x3
You struggle against the net.
The ufetubus hits you. x4
You struggle against the net.
You feel a strong urge to attack something.
The ufetubus hits you. The ufetubus closely misses you.
The ufetubus barely misses you. The ufetubus hits you.
You tear a large gash into the net.
You are no longer berserk.
You are exhausted.
You feel yourself slow down.
The wizard shouts!
The ufetubus disappears in a puff of smoke!
The ufetubus hits you. x2
You struggle against the net.
The ufetubus hits you.
* * * LOW HITPOINT WARNING * * *
The ufetubus hits you.
* * * LOW HITPOINT WARNING * * *
The ufetubus hits you.
* * * LOW HITPOINT WARNING * * *
The ufetubus closely misses you.
Okay, then.
Okay, then.
Your deep troll goes berserk!
The ufetubus hits you.
* * * LOW HITPOINT WARNING * * *
The ufetubus hits you.
* * * LOW HITPOINT WARNING * * *
The ufetubus hits you.
* * * LOW HITPOINT WARNING * * *
The ufetubus hits you.
* * * LOW HITPOINT WARNING * * *
The ufetubus barely misses you. The ufetubus hits you.
You die...

, ** * ,.###...#...#.#.# *
, .#.#...###.#...#!## ^#
8.#.....5p5.#...#:=##..
..###########.§.####### ,*
§...........§§§....#.©. ,
~8≈..........§§8≈...#...*,
,© *,,,
≈...........§§§....#.©.*,
** ..###########...#######
©**
8.#....5@§..#...#..$=©. ,
, .#.^##5##^.#...#.##... *
, * # *#T5^##.#...#.#.# #,
* .. §#..3..#^#...#..##.##
*©.©#....©....#...#ZZ..©.
, *
..#.#.....#5#...#B.##.#*.
####.##...##.#...#B#.###.#
...#.^##^##5.#.∩.#Z##...##
*
.8.#......55.#...#Z.......


You could see a wizard, a ynoxinul, 2 shadow imps, 3 ufetubi and a friendly deep
troll (summoned, berserk).

Vanquished Creatures
  Erolcha (D:9)
  2 two-headed ogres (D:11)
  The ghost of knightboat the Fighter, a novice OgCA of Ignis (D:6)
  Urug (D:11)
  Pikel (D:6)
  An orc knight (Bailey)
  A rust devil (Gauntlet)
  2 unseen horror zombies (D:8)
  Prince Ribbit (D:8)
  A hornet (D:9)
  A vampire (D:9)
  2 wraiths
  A wyvern (D:9)
  24 yaks
  3 vampire mosquitoes
  A steam dragon (D:10)
  Edmund (D:4)
  2 wargs (D:9)
  3 acid dragons
  13 orc warriors
  2 ice beasts
  A sky beast (D:8)
  3 ogres
  5 centaurs
  A lemure (D:6)
  4 phantoms
  4 kobold brigands
  A bullfrog (D:9)
  2 gnoll sergeants
  2 wyvern zombies (D:8)
  A scorpion (D:5)
  12 wights
  2 vampire bats (D:9)
  5 howler monkeys
  A crimson imp (D:3)
  2 centaur zombies (D:8)
  10 orc priests
  3 hounds
  2 gnoll boudas
  2 iron imps (Gauntlet)
  3 iguanas
  11 orc wizards
  3 killer bee zombies (D:8)
  2 adders
  23 gnolls
  A white imp (D:5)
  2 ufetubi
  3 worms
  A dart slug (D:4)
  33 orcs
  A bat (D:1)
  4 bat skeletons (D:9)
  3 bat zombies (D:9)
  7 endoplasms
  2 giant cockroaches (D:3)
  10 goblins
  5 hobgoblins
  2 jackals (D:3)
  3 quokkas
  5 ball pythons
  5 frilled lizards
  33 kobolds
  5 rats
295 creatures vanquished.

Notes
Turn   | Place    | Note
-------+----------+-------------------------------------------
     0 | D:1      | Shard1697 the Meteoran Berserker began the quest for the
                  | Orb.
     0 | D:1      | Reached XP level 1. HP: 19/19 MP: 2/2
    67 | D:1      | Reached skill level 4 in Axes
    67 | D:1      | Reached XP level 2. HP: 26/26 MP: 3/3
   179 | D:1      | Reached XP level 3. HP: 31/31 MP: 4/4
   554 | D:2      | Found Gioxzyomyg's Weapon Emporium.
   781 | D:2      | Reached skill level 5 in Axes
   937 | D:3      | Found Qemupsol's Book Shoppe.
   941 | D:3      | Found Zodgh's Jewellery Shop.
   965 | D:3      | Found Dairups's Weapon Emporium.
   997 | D:3      | Reached ** piety under Trog
  1064 | D:3      | Reached XP level 4. HP: 38/38 MP: 5/5
  1088 | D:3      | Found a burning altar of Makhleb.
  1097 | D:3      | Reached skill level 6 in Axes
  1098 | D:3      | Reached XP level 5. HP: 45/45 MP: 6/6
  1098 | D:3      | Found a radiant altar of Vehumet.
  1109 | D:3      | Found Emealasch's Assorted Antiques.
  1539 | D:4      | Found a blossoming altar of Fedhas.
  1564 | D:4      | Noticed an ogre
  1570 | D:4      | Killed an ogre
  1571 | D:4      | Reached skill level 7 in Axes
  1571 | D:4      | Reached XP level 6. HP: 44/51 MP: 7/7
  1696 | D:4      | Reached skill level 8 in Axes
  1723 | D:4      | Reached XP level 7. HP: 28/57 MP: 8/8
  1810 | D:4      | Noticed Edmund
  1833 | D:4      | Killed Edmund
  1834 | D:4      | Reached skill level 9 in Axes
  1876 | D:4      | Found a bloodstained altar of Trog.
  1907 | D:4      | Reached *** piety under Trog
  1994 | D:5      | Entered Level 5 of the Dungeon
  2057 | D:5      | Found an opulent altar of Gozag.
  2135 | D:5      | Reached skill level 10 in Axes
  2135 | D:5      | Reached XP level 8. HP: 56/63 MP: 9/9
  2441 | D:5      | Reached skill level 5 in Fighting
  2548 | D:6      | Reached skill level 11 in Axes
  2557 | D:6      | Found a stormy altar of Qazlal.
  2573 | D:6      | Gained mutation: You passively map the area around you.
                  | [Meteoran growth]
  2573 | D:6      | Reached XP level 9. HP: 70/74 MP: 10/10
  2658 | D:6      | Noticed knightboat's ghost (novice OgCA)
  2659 | D:6      | Found a runed translucent door.
  2679 | D:6      | Killed knightboat's ghost
  2680 | D:6      | Reached skill level 12 in Axes
  2761 | D:6      | Noticed Pikel
  2776 | D:6      | Killed Pikel
  2777 | D:6      | Reached XP level 10. HP: 50/88 MP: 11/11
  2941 | D:7      | Found a glowing silver altar of Zin.
  2941 | D:7      | Found a white marble altar of Elyvilon.
  2942 | D:7      | Found a glowing golden altar of the Shining One.
  3000 | D:7      | Reached skill level 13 in Axes
  3087 | D:7      | Found a hazy altar of Hepliaklqana.
  3087 | D:7      | Found a shimmering blue altar of Sif Muna.
  3148 | D:7      | Found a staircase to the Ecumenical Temple.
  3171 | D:7      | Reached **** piety under Trog
  3405 | D:8      | You fall into a shaft and drop 3 floors!
  3448 | D:11     | Reached skill level 14 in Axes
  3503 | D:11     | Noticed a two-headed ogre
  3513 | D:11     | Killed a two-headed ogre
  3514 | D:11     | Reached skill level 10 in Fighting
  3550 | D:10     | Entered Level 10 of the Dungeon
  3568 | D:10     | Found Roatiwiyl's Book Shop.
  3608 | D:10     | Reached XP level 11. HP: 99/100 MP: 12/12
  3680 | D:10     | Found a flagged portal.
  3691 | Bailey   | Entered a bailey
  3718 | Bailey   | Reached ***** piety under Trog
  3833 | Bailey   | Noticed an orc knight
  3843 | Bailey   | Killed an orc knight
  3844 | Bailey   | Reached skill level 15 in Axes
  3844 | Bailey   | Reached skill level 5 in Armour
  4173 | D:9      | Reached skill level 16 in Axes
  4389 | D:8      | Noticed Prince Ribbit
  4414 | D:8      | Killed Prince Ribbit
  4621 | D:8      | Reached XP level 12. HP: 90/106 MP: 13/13
  4704 | D:8      | Received a gift from Trog
  4896 | D:9      | Found a shimmering altar of Xom.
  4904 | D:9      | Noticed Erolcha
  4911 | D:9      | Killed Erolcha
  4963 | D:9      | Found a staircase to the Lair.
  5036 | D:9      | Found an ancient bone altar of Kikubaaqudgha.
  5102 | D:9      | Reached skill level 10 in Armour
  5107 | D:9      | Reached skill level 17 in Axes
  5150 | D:10     | Found Bubugh's Magic Scroll Boutique.
  5153 | D:10     | Bought a scroll of revelation for 97 gold pieces
  5153 | D:10     | Bought a scroll of teleportation for 39 gold pieces
  5153 | D:10     | Bought a scroll of teleportation for 39 gold pieces
  5153 | D:10     | Bought a scroll of teleportation for 39 gold pieces
  5153 | D:10     | Bought a scroll of teleportation for 39 gold pieces
  5153 | D:10     | Bought a scroll of identify for 26 gold pieces
  5159 | D:10     | Found a broken altar of Ashenzari.
  5325 | D:10     | Found Teylal's Book Emporium.
  5354 | D:10     | Found Qeamyroe's Weapon Shop.
  5422 | D:10     | Found a hide-covered altar of Uskayaw.
  5528 | D:10     | Reached skill level 1 in Evocations
  5779 | D:11     | Noticed Urug
  5793 | D:11     | Killed Urug
  5890 | D:11     | Noticed a two-headed ogre
  5899 | D:11     | Killed a two-headed ogre
  5900 | D:11     | Reached skill level 5 in Dodging
  5998 | D:12     | Found a gate leading to a gauntlet.
  6003 | D:12     | Noticed a boulder beetle
  6005 | D:12     | Noticed a boulder beetle
  6009 | Gauntlet | Entered a Gauntlet
  6009 | Gauntlet | Noticed a death scarab
  6009 | Gauntlet | Noticed a death scarab
  6009 | Gauntlet | Found a transporter.
  6009 | Gauntlet | Found a transporter.
  6009 | Gauntlet | Found a transporter.
  6019 | Gauntlet | Found a transporter.
  6026 | Gauntlet | Found a transporter.
  6028 | Gauntlet | Noticed a sixfirhy
  6032 | Gauntlet | Noticed a wizard
  6057 | Gauntlet | Identified the -1 pair of boots of Mirth {Will+}
  6097 | Gauntlet | HP: 4/106 [ufetubus[a ynoxinul] (4)]
  6097 | Gauntlet | Slain by an ufetubus

Illustrated notes

Levels and vault maps discovered:
D:1:      saegor_arrival_simple_e, layout_basic, serial_park_tiny_2,
          dreamdust_wishing_well
D:2:      layout_basic, serial_shops, nicolae_shop_tiny_statue_garden,
          grunt_ministairs_7
D:3:      minmay_wonky_spiral, layout_loops_ring,
          grunt_temple_overflow_lords_of_destruction, serial_shops, shop_statue,
          nicolae_shop_just_a_little_nook, shop, shop, nicolae_shop_stone
D:4:      layout_gridville, mainiacjoe_overflow_tiny_flanked,
          lemuel_crystal_altar, uniq_edmund
D:5:      layout_basic, nicolae_gozag_seed_capital, grunt_decor_fettered
D:6:      layout_loops_ring, nicolae_qazlal_scattered_showers,
          hellmonk_ghost_happy_afterlife, uniq_sigmund, uniq_pikel
D:7:      layout_loops_ring, good_gods_mini_temple,
          nicolae_overflow_hidden_temple, temple_pool_b
D:8:      layout_loops_corners, serial_undead, serial_undead_d, serial_undead_c,
          serial_undead_d, serial_undead_c, nicolae_grassy_gnolls,
          uniq_prince_ribbit1
D:9:      layout_rooms, kennysheep_vampire_church, xom_confusion_cloud,
          erik_lair_orcish_takeover, uniq_erolcha
D:10:     layout_long_grid, lemuel_doored_altar, ashenzari_conservatory_becter,
          serial_shops, shop, nicolae_shop_peninsula, nicolae_shop_hallway_plus,
          nicolae_shop_real_fake_doors, lightli_bailey_entry_fortress,
          kb_lookout_dungeons_type, kennysheep_generic_room_7
D:11:     layout_roguey, uniq_urug
D:12:     layout_cross, hiddenorc2_lemuel, gauntlet_entry_generic,
          nicolae_trove_entry_diagonal
Gauntlet: gammafunk_gauntlet_shortcut [gammafunk_gauntlet_arena_corners,
          gammafunk_gauntlet_arena_spirals,
          gammafunk_gauntlet_arena_split_diamond,
          gammafunk_gauntlet_arena_mazey, gammafunk_gauntlet_arena_crates,
          nicolae_gauntlet_arena_grate_2,
          nicolae_gauntlet_exit_dead_adventurers]

Skill      XL: |  1  2  3  4  5  6  7  8  9 10 11 12 |
---------------+-------------------------------------+-----
Axes           | 4 5 6 7 8 10 11 12 14 16 17 | 17.6
Fighting       | 5 8 10 | 10.2
Armour         | 3 8 10 | 10.1
Dodging        | 5 |  5.4
Evocations     | 3 |  3.1

Action                     |  1- 3 |  4- 6 |  7- 9 | 10-12 || total
---------------------------+-------+-------+-------+-------++-------
  Melee: War axe           |    69 |    71 |   157 |       ||   297
         Hand axe          |     2 |       |       |       ||     2
         Punch             |     1 |     2 |     4 |       ||     7
         Battleaxe         |       |       |    24 |   431 ||   455
         Executioner's axe |       |       |       |   190 ||   190
 Invoke: Berserk           |       |     1 |     1 |     7 ||     9
         Trog's Hand       |       |       |       |     2 ||     2
         Brothers in Arms  |       |       |       |     1 ||     1
    Use: Scroll            |       |       |       |    17 ||    17
         Potion            |       |       |       |     7 ||     7
 Armour: Chain mail        |    33 |       |       |       ||    33
         Plate armour      |     1 |    43 |    92 |   402 ||   538
  Dodge: Dodged            |    25 |    18 |    38 |   197 ||   278
  Block: Other             |    18 |    20 |    38 |   153 ||   229
         Reflection        |       |       |     2 |    17 ||    19

Table legend: (Time is in decaauts)
 A = Elapsed time spent in this place.
 B = Non-inter-level travel time spent in this place.
 C = Inter-level travel time spent in this place.
 D = Time resting spent in this place.
 E = Time spent auto-exploring this place.
 F = Levels seen in this place.
 G = Mean time per level.
                   A        B        C        D        E       F      G
               +--------+--------+--------+--------+--------+-----+--------+
         Total |   6236 |   3645 |   2591 |    113 |     27 |  14 |  445.4 |
       Dungeon |   5755 |   3164 |   2591 |     25 |     27 |  12 |  479.6 |
        Bailey |    395 |    395 |      0 |     88 |      0 |   1 |  395.0 |
      Gauntlet |     85 |     85 |      0 |      0 |      0 |   1 |   85.0 |
               +--------+--------+--------+--------+--------+-----+--------+

Top non-repeatable levels by time:
    D:10: 681 daAuts
     D:4: 679 daAuts
     D:8: 673 daAuts
     D:2: 657 daAuts
    D:11: 565 daAuts
     D:5: 529 daAuts
     D:7: 479 daAuts
     D:9: 407 daAuts
  Bailey: 395 daAuts
     D:6: 371 daAuts
     D:3: 359 daAuts
     D:1: 339 daAuts
Gauntlet: 85 daAuts
    D:12: 10 daAuts
